 Dungeon Crawl Stone Soup version 0.26-a0-812-g31a745ddcd (webtiles) character file.

Game seed: 14371618104796148080

2163 Lanoc the Geomancer (level 9, -4/57 HPs)
             Began as a Demonspawn Earth Elementalist on Dec 2, 2020.
             Was a Follower of Uskayaw.
             Slain by a white imp (5 damage)
             ... on level 8 of the Dungeon.
             The game lasted 00:10:35 (6731 turns).

Lanoc the Geomancer (Demonspawn Earth Elementalist) Turns: 6731, Time: 00:10:35

Health: -4/57      AC:  2    Str:  6      XL:     9   Next: 10%
Magic:  22/22      EV: 16    Int: 23      God:    Uskayaw [*.....]
Gold:   353        SH:  0    Dex: 10 (14) Spells: 6/12 levels left

rFire    + . .     SeeInvis +   w - +0 war axe "Itseiz" {flame, rF+ Str-3 Int+4 Stlth+}
rCold    . . .     Faith    .   (no shield)
rNeg     . . .     Spirit   .   c - +0 robe
rPois    .         Reflect  .   (no helmet)
rElec    .         Harm     .   (no cloak)
rCorr    .         Rampage  .   s - -1 pair of gloves
MR       .....                  (boots unavailable)
Stlth    +++.......             j - amulet of regeneration
HPRegen  0.59/turn              d - ring of magical power
MPRegen  0.18/turn              e - ring of see invisible

@: no status effects
A: talons 3, repulsion field 1, powered by pain 1
a: Stomp, Renounce Religion


You were on level 8 of the Dungeon.
You worshipped Uskayaw.
Uskayaw was noncommittal.
You visited 2 branches of the dungeon, and saw 9 of its levels.

You collected 353 gold pieces.

Inventory:

Hand Weapons
 w - the +0 war axe "Itseiz" (weapon) {flame, rF+ Str-3 Int+4 Stlth+}
   (You found it on level 7 of the Dungeon)

   It has been specially enchanted to burn those struck by it, causing extra
   injury to most foes and up to half again as much damage against particularly
   susceptible opponents.
   Big, fiery blades are also staple armaments of hydra-hunters.
   It affects your strength (-3).
   It affects your intelligence (+4).
   It protects you from fire.
   It makes you more stealthy.
Missiles
 b - 15 stones (quivered)
Armour
 c - a +0 robe (worn)
 s - a -1 pair of gloves (worn)
Jewellery
 d - a ring of magical power (left hand)
 e - a ring of see invisible (right hand)
 i - an uncursed ring of resist corrosion
 j - an amulet of regeneration (around neck)
Wands
 t - a wand of paralysis (7)
 v - a wand of acid (5)
Scrolls
 a - 3 scrolls of remove curse
 g - a scroll of teleportation
 l - a scroll of enchant armour {unknown}
 n - 2 scrolls of identify {unknown}
 o - 2 scrolls of magic mapping {unknown}
 p - 2 scrolls of fear {unknown}
 q - a scroll of amnesia {unknown}
 r - a scroll of fog {unknown}
Potions
 h - a potion of cancellation
 k - 2 potions of curing
 u - a potion of brilliance


   Skills:
 + Level 5.9 Dodging
 - Level 1.7 Stealth
 - Level 2.0 Spellcasting
 - Level 0.8 Transmutations
 * Level 8.7 Earth Magic
 + Level 6.5 Invocations


You had 6 spell levels left.
You knew the following spells:

 Your Spells              Type           Power        Failure   Level
a - Sandblast             Erth           #####.       1%          1
b - Passwall              Tmut/Erth      ###.....     2%          2
c - Stone Arrow           Conj/Erth      ###...       6%          3

Your spell library contained the following spells:

 Spells                   Type           Power        Failure   Level
 Lee's Rapid Deconstruct  Erth           #####.....   10%         5
 Corona                   Hex            #......      13%         1
 Ensorcelled Hibernation  Hex/Ice        #.....       19%         2
 Petrify                  Tmut/Erth      ###.....     19%         4
 Confusing Touch          Hex            #.......     36%         3
 Dazzling Flash           Conj/Hex       #.....       36%         3
 Gell's Gravitas          Tloc           #.........   36%         3
 Tukima's Dance           Hex            #.......     36%         3
 Yara's Violent Unravell  Hex/Tmut       #.........   96%         5
 Metabolic Englaciation   Hex/Ice        #.........   98%         5


Dungeon Overview and Level Annotations

Branches:
Dungeon (8/15)             Temple (1/1) D:4
   Lair: D:8-11

Altars:
Ashenzari
Cheibriados
Dithmenos
Fedhas
Gozag
Hepliaklqana
Kikubaaqudgha
Makhleb
Nemelex Xobeh
Okawaru
Qazlal
Ru
Sif Muna
Trog
Uskayaw
Vehumet
Wu Jian
Xom
Yredelemnul
Zin
The Shining One

Shops:
D:4 (

Annotations:
D:6 kae's ghost, novice GnWn


Innate Abilities, Weirdness & Mutations

You have claws for feet.
You are surrounded by a mild repulsion field. (EV +2)
You sometimes gain a little power by taking damage.


Message History

The iguana barely misses you. The sky beast barely misses you.
The white imp closely misses you. The iguana misses you.
You closely miss the iguana. Your kick misses the iguana.
You barely miss the sky beast. You hit the white imp. You burn the white imp.
The sky beast closely misses you. The white imp gestures at you.
The puff of frost hits you! The iguana bites you!
You hit the iguana but do no damage. You hit the white imp but do no damage.
You hit the sky beast. You burn the sky beast. The sky beast hits you.
The sky beast shocks you. The white imp barely misses you.
The iguana bites you!
* * * LOW HITPOINT WARNING * * *
The sky beast hits you.
* * * LOW HITPOINT WARNING * * *
The sky beast shocks you.
* * * LOW HITPOINT WARNING * * *
The white imp hits you.
* * * LOW HITPOINT WARNING * * *
The white imp freezes you.
You die...

.$.....##.^...............
.......##(................
..........................
......................#...
....##............#######.
.../.#...........## #.....
..................# #.....
.................## #.....
......$..l@5....######....>
..#......Y......##.........
. #.......##...............
#...#...................#
.....###...............###
..... ................## .Y
...#.##.##......). #.. #
####......... #).......#


You could see a sky beast (invisible), an iguana and a white imp.

Vanquished Creatures
  Grinder (D:3)
  An ice beast (D:7)
  A sky beast (D:7)
  2 orc warriors (D:7)
  A phantom (D:7)
  4 ogres
  2 centaurs
  A scorpion (D:4)
  An electric eel (D:7)
  2 howler monkeys
  A jelly (D:7)
  4 hounds
  6 orc priests
  2 iguanas
  7 orc wizards
  4 worker ants
  A hound zombie (D:6)
  A hound skeleton (D:4)
  5 adders
  3 white imps
  An ufetubus (D:7)
  An ooze (D:3)
  3 worms
  A dart slug (D:3)
  2 leopard geckos
  20 orcs
  3 bats
  4 giant cockroaches
  4 goblins
  4 hobgoblins
  A jackal (D:5)
  2 quokkas
  3 frilled lizards
  A jackal skeleton (D:5)
  A kobold (D:2)
101 creatures vanquished.

Notes
Turn   | Place    | Note
-------+----------+-------------------------------------------
     0 | D:1      | Lanoc the Demonspawn Earth Elementalist began the quest for
                  | the Orb.
     0 | D:1      | Reached XP level 1. HP: 13/13 MP: 3/3
   294 | D:1      | Reached skill level 3 in Earth Magic
   565 | D:2      | Gained mutation: You have sharp toenails. [demonic
                  | ancestry]
   565 | D:2      | Reached XP level 2. HP: 9/19 MP: 1/5
  1575 | D:3      | Reached XP level 3. HP: 24/24 MP: 6/6
  2004 | D:3      | Noticed Grinder
  2016 | D:3      | Killed Grinder
  2016 | D:3      | Reached skill level 5 in Earth Magic
  2016 | D:3      | Gained mutation: You sometimes gain a little power by
                  | taking damage. [demonic ancestry]
  2016 | D:3      | Reached XP level 4. HP: 13/30 MP: 7/7
  2016 | D:3      | Reached XP level 5. HP: 15/35 MP: 8/8
  2020 | D:3      | Learned a level 2 spell: Passwall
  2413 | D:4      | Reached XP level 6. HP: 32/41 MP: 9/9
  2517 | D:4      | Found a staircase to the Ecumenical Temple.
  2526 | Temple   | Entered the Ecumenical Temple
  2655 | Temple   | Became a worshipper of Uskayaw the Reveller
  2703 | D:4      | Reached * piety under Uskayaw
  2746 | D:4      | Reached ** piety under Uskayaw
  2747 | D:4      | Reached skill level 1 in Invocations
  3045 | D:4      | Reached *** piety under Uskayaw
  3321 | D:4      | Reached skill level 6 in Earth Magic
  3321 | D:4      | Gained mutation: You are surrounded by a mild repulsion
                  | field. (EV +2) [demonic ancestry]
  3321 | D:4      | Reached XP level 7. HP: 46/46 MP: 10/10
  3418 | D:4      | Found Inaniupp's Weapon Shoppe.
  3543 | D:5      | Entered Level 5 of the Dungeon
  3860 | D:5      | Reached **** piety under Uskayaw
  3865 | D:5      | Reached ***** piety under Uskayaw
  4087 | D:5      | Reached skill level 7 in Earth Magic
  4087 | D:5      | Gained mutation: You have razor-sharp toenails. [demonic
                  | ancestry]
  4087 | D:5      | Reached XP level 8. HP: 21/52 MP: 11/11
  4687 | D:6      | Found a transporter.
  4721 | D:6      | Reached skill level 5 in Dodging
  4959 | D:6      | Noticed kae's ghost (novice GnWn)
  4970 | D:6      | Found a transporter.
  5121 | D:7      | Reached skill level 5 in Invocations
  5390 | D:7      | Reached skill level 8 in Earth Magic
  5794 | D:7      | Got a pitted war axe
  5794 | D:7      | Identified the cursed +0 war axe "Itseiz" {flame, rF+ Str-3
                  | Int+4 Stlth+} (You found it on level 7 of the Dungeon)
  6023 | D:6      | Learned a level 3 spell: Stone Arrow
  6133 | D:7      | Gained mutation: You have claws for feet. [demonic
                  | ancestry]
  6133 | D:7      | Reached XP level 9. HP: 57/57 MP: 13/13
  6731 | D:8      | HP: 1/57 [white imp (3)]
  6731 | D:8      | Slain by a white imp

Illustrated notes

Levels and vault maps discovered:
D:1:      doesnt_arrival_eight_statues, layout_basic
D:2:      layout_loops_ring, minmay_heptomino_h4
D:3:      layout_loops_ring, due_unseen_surprise, uniq_grinder
D:4:      kennysheep_spiral_hall, layout_basic, minmay_temple_entry_water_ring,
          serial_shops, shop_fountains, kennysheep_generic_room_11
D:5:      minmay_clustersquares, layout_loops_ring
D:6:      layout_basic, gammafunk_ghost_stat_death
D:7:      layout_basic, serial_park_tiny_2, kennysheep_minor_cross,
          water_boxes_lemuel
D:8:      cheibrodos_quashed, layout_cave_pools, serial_shops, shop
Temple:   kilobyte_greek_temple

Skill      XL: |  1  2  3  4  5  6  7  8 |
---------------+-------------------------+-----
Earth Magic    | 3 5 6 7 8 |  8.7
Dodging        | 2 3 4 5 |  5.9
Invocations    | 2 4 6 |  6.5
Stealth        | |  1.7
Spellcasting   | |  2.0
Transmutations | |  0.8

Action                   |  1- 3 |  4- 6 |  7- 9 || total
-------------------------+-------+-------+-------++-------
Melee: Unarmed           |    98 |    21 |       ||   119
       Kick              |    12 |     8 |    21 ||    41
       Dagger            |       |       |   101 ||   101
       War axe           |       |       |    50 ||    50
 Cast: Sandblast         |    33 |    41 |    96 ||   170
       Stone Arrow       |       |       |     3 ||     3
Evoke: Wand              |       |       |     3 ||     3
  Use: Potion            |     3 |       |     1 ||     4
       Scroll            |       |       |     3 ||     3
 Stab: Sleeping          |     1 |       |     1 ||     2
Armor: Robe              |    32 |     2 |    31 ||    65
Dodge: Dodged            |    77 |    37 |   229 ||   343

Table legend: (Time is in decaauts)
 A = Elapsed time spent in this place.
 B = Non-inter-level travel time spent in this place.
 C = Inter-level travel time spent in this place.
 D = Time resting spent in this place.
 E = Time spent auto-exploring this place.
 F = Levels seen in this place.
 G = Mean time per level.
                   A        B        C        D        E       F      G
               +--------+--------+--------+--------+--------+-----+--------+
         Total |   6719 |   6497 |    222 |    310 |   5141 |   9 |  746.6 |
       Dungeon |   6555 |   6371 |    184 |    310 |   5031 |   8 |  819.4 |
        Temple |    163 |    125 |     38 |      0 |    110 |   1 |  163.0 |
               +--------+--------+--------+--------+--------+-----+--------+

Top non-repeatable levels by time:
     D:7: 1400 daAuts
     D:3: 1115 daAuts
     D:4: 989 daAuts
     D:5: 984 daAuts
     D:2: 718 daAuts
     D:6: 696 daAuts
     D:1: 554 daAuts
  Temple: 163 daAuts
     D:8: 96 daAuts
